RL
CLEVELAND BOBCATS @ ROCKY MOUNTAIN OYSTERS
04/25/2060
 
TOP OF THE 1ST
Cleveland Bobcats batting - Pitching for Rocky Mountain Oysters : RHP Brian White
Pitching: RHP Brian White
Batting: SHB Davey Carter 0-0: Foul Ball, location: 2F
0-1: Ball
1-1: Swinging Strike
1-2: Ball
2-2: Foul Ball, location: 2F
2-2: Ball
3-2: Strikes out swinging
Batting: RHB Jimmie Aletona 0-0: Ball
1-0: Foul Ball, location: 2F
1-1: Ball
2-1: Ground out 4-3 (Groundball, 4, EV 83.8 MPH)
Batting: RHB Mason Brooks 0-0: Called Strike
0-1: Ball
1-1: Ball
2-1: SINGLE (Line Drive, 8RS, EV 100.0 MPH)
Batting: SHB Pat Frazier 0-0: Ball
1-0: Ball
2-0: Ball
3-0: Called Strike
3-1: Ground out U3 (Groundball, 3, EV 79.4 MPH)
Top of the 1st over - 0 runs, 1 hit, 0 errors, 1 left on base; Cleveland 0 - Rocky Mountain 0
BOTTOM OF THE 1ST
Rocky Mountain Oysters batting - Pitching for Cleveland Bobcats : LHP Kade LaPerle
Pitching: LHP Kade LaPerle
Batting: RHB Raven Schimmenti 0-0: Ball
1-0: Foul Ball, location: 2F
1-1: Foul Ball, location: 2F
1-2: Foul Ball, location: 2F
1-2: Ball
2-2: Strikes out swinging
Batting: RHB Landon Bolin 0-0: Foul Ball, location: 2F
0-1: Swinging Strike
0-2: Ball
1-2: SINGLE (Flyball, 78S, EV 90.0 MPH)
Batting: RHB Phoenix Meade 0-0: Swinging Strike
Landon Bolin steals 2nd, throwing error, E2
Landon Bolin to third
0-1: 2-RUN HOME RUN (Flyball, 9LD, EV 99.4 MPH), Distance : 365 ft
Batting: LHB Louis May 0-0: Called Strike
0-1: Ball
1-1: Ball
2-1: Foul Ball, location: 2F
2-2: Ball
3-2: Foul Ball, location: 2F
3-2: Foul Ball, location: 2F
3-2: Foul Ball, location: 2F
3-2: SOLO HOME RUN (Line Drive, 9D, EV 113.8 MPH), Distance : 420 ft
Batting: LHB Abe Ryan 0-0: Ball
1-0: Called Strike
1-1: Swinging Strike
1-2: Ball
2-2: Strikes out swinging
Batting: RHB Morrison Suttle 0-0: Ball
1-0: Foul Ball, location: 2F
1-1: SOLO HOME RUN (Flyball, 7D, EV 101.9 MPH), Distance : 386 ft
Batting: LHB Sebastien Thompson 0-0: Foul Ball, location: 2F
0-1: Ball
1-1: Called Strike
1-2: Strikes out looking
Bottom of the 1st over - 4 runs, 4 hits, 1 error, 0 left on base; Cleveland 0 - Rocky Mountain 4
TOP OF THE 2ND
Cleveland Bobcats batting - Pitching for Rocky Mountain Oysters : RHP Brian White
Batting: SHB T.J. Bush 0-0: Ball
1-0: Foul Ball, location: 2F
1-1: Foul Ball, location: 2F
1-2: Foul Ball, location: 2F
1-2: SINGLE (Groundball, 34D, EV 101.2 MPH)
Batting: SHB Tylor Fukuda 0-0: Foul Ball, location: 2F
0-1: Swinging Strike
0-2: Ball
1-2: Ball
2-2: 2-RUN HOME RUN (Flyball, 9LD, EV 95.0 MPH), Distance : 356 ft
Batting: RHB Garrett Parker 0-0: Called Strike
0-1: Ball
1-1: Ball
2-1: Ball
3-1: Foul Ball, location: 2F
3-2: Foul Ball, location: 2F
3-2: Foul Ball, location: 2F
3-2: TRIPLE (Line Drive, 89XD, EV 108.8 MPH)
Batting: RHB Hayden Harman 0-0: Swinging Strike
0-1: Ball
1-1: Ball
2-1: 2-RUN HOME RUN (Line Drive, 7D, EV 106.9 MPH), Distance : 388 ft
Batting: RHB Spike Hershfield 0-0: Ball
1-0: Ball
2-0: Foul Ball, location: 2F
2-1: Foul Ball, location: 2F
2-2: Strikes out swinging
Batting: SHB Davey Carter 0-0: Ball
1-0: Ball
2-0: Ball
3-0: Base on Balls
Batting: RHB Jimmie Aletona 0-0: Swinging Strike
0-1: Ball
1-1: Called Strike
1-2: DOUBLE (Line Drive, 9LM, EV 107.5 MPH)
Davey Carter to third
Batting: RHB Mason Brooks 0-0: Called Strike
0-1: Fly out, F7 (Flyball, 7, EV 89.4 MPH)
Runner from 3rd tags up, SCORES, no throw by LF
Pitching: RHP Andy Lawler
Batting: SHB Pat Frazier 0-0: Called Strike
0-1: Foul Ball, location: 2F
0-2: Strikes out swinging
Top of the 2nd over - 5 runs, 5 hits, 0 errors, 1 left on base; Cleveland 5 - Rocky Mountain 4
BOTTOM OF THE 2ND
Rocky Mountain Oysters batting - Pitching for Cleveland Bobcats : LHP Kade LaPerle
Batting: RHB Grady Williams 0-0: Ball
1-0: TRIPLE (Groundball, 5L, EV 109.4 MPH)
Batting: SHB Seth McNeill 0-0: Ball
1-0: Ball
2-0: Ball
3-0: Base on Balls
Batting: RHB Raven Schimmenti 0-0: Ball
1-0: Ball
2-0: Ball
3-0: Base on Balls
Seth McNeill to second
Batting: RHB Landon Bolin 0-0: Ball
1-0: Swinging Strike
1-1: Ball
2-1: Ball
3-1: Base on Balls
Grady Williams scores
Seth McNeill to third
Raven Schimmenti to second
Pitching: RHP Idris Waaka
Batting: RHB Phoenix Meade 0-0: Ball
1-0: SINGLE (Line Drive, 9S, EV 111.9 MPH)
Seth McNeill scores
Raven Schimmenti to third
Landon Bolin to second
Batting: LHB Louis May 0-0: Fly out, F9 (Flyball, 9, EV 73.8 MPH)
Runner from 3rd tags up, SCORES, throw by RF
Landon Bolin to third
Batting: LHB Abe Ryan 0-0: Called Strike
0-1: Ball
1-1: Called Strike
1-2: Strikes out swinging
Batting: RHB Morrison Suttle 0-0: Foul Ball, location: 2F
0-1: Called Strike
0-2: Ball
1-2: Ball
2-2: SINGLE (Line Drive, 89S, EV 88.8 MPH)
Landon Bolin scores
Phoenix Meade to second
Runner from 2nd tries for 3rd, SAFE, throw by RF made to third
Batting: LHB Sebastien Thompson 0-0: Foul Ball, location: 2F
0-1: Foul Ball, location: 2F
0-2: Ball
1-2: Foul Ball, location: 2F
1-2: Foul Ball, location: 2F
1-2: Ball
2-2: Ball
3-2: Base on Balls
Morrison Suttle to second
Batting: RHB Grady Williams 0-0: Called Strike
0-1: Called Strike
0-2: Ball
1-2: Foul Ball, location: 2F
1-2: Ball
2-2: Fly out, F9 (Flyball, 9D, EV 98.1 MPH)
Bottom of the 2nd over - 4 runs, 3 hits, 0 errors, 3 left on base; Cleveland 5 - Rocky Mountain 8
TOP OF THE 3RD
Cleveland Bobcats batting - Pitching for Rocky Mountain Oysters : RHP Andy Lawler
Batting: SHB T.J. Bush 0-0: Ball
1-0: Called Strike
1-1: Ball
2-1: SINGLE (Groundball, 4D, EV 101.9 MPH)
Batting: SHB Tylor Fukuda 0-0: Fly out, F7 (Flyball, 7, EV 92.5 MPH)
Batting: RHB Garrett Parker 0-0: SINGLE (Flyball, 6D, EV 86.9 MPH)
T.J. Bush to second
Batting: RHB Hayden Harman 0-0: Called Strike
0-1: Ball
1-1: Swinging Strike
1-2: Strikes out looking
Batting: RHB Spike Hershfield 0-0: Ball
1-0: Called Strike
1-1: Foul Ball, location: 2F
1-2: Ball
2-2: Strikes out swinging
Top of the 3rd over - 0 runs, 2 hits, 0 errors, 2 left on base; Cleveland 5 - Rocky Mountain 8
BOTTOM OF THE 3RD
Rocky Mountain Oysters batting - Pitching for Cleveland Bobcats : RHP Idris Waaka
Batting: SHB Seth McNeill 0-0: Ball
1-0: Ball
2-0: Swinging Strike
2-1: Ball
3-1: Ground out U3 (Groundball, 3, EV 105.6 MPH)
Batting: RHB Raven Schimmenti 0-0: Ball
1-0: Called Strike
1-1: Ball
2-1: Called Strike
2-2: Ball
3-2: DOUBLE (Flyball, 78XD, EV 111.2 MPH)
Batting: RHB Landon Bolin 0-0: Ball
1-0: Foul Ball, location: 2F
1-1: Called Strike
1-2: Foul Ball, location: 2F
1-2: Ball
2-2: TRIPLE (Groundball, 5L, EV 98.1 MPH)
Raven Schimmenti scores
Batting: RHB Phoenix Meade 0-0: SINGLE (Flyball, 7LS, EV 94.4 MPH)
Landon Bolin scores
Batting: LHB Louis May 0-0: Swinging Strike
0-1: Ball
1-1: Ball
Wild Pitch!
Phoenix Meade to second
2-1: Foul Ball, location: 2F
2-2: Ground out 3-1 (Groundball, 34S, EV 80.0 MPH)
Phoenix Meade to third
Batting: LHB Abe Ryan 0-0: Ball
1-0: Called Strike
1-1: Fly out, F8 (Flyball, 8RD, EV 88.1 MPH)
Bottom of the 3rd over - 2 runs, 3 hits, 0 errors, 1 left on base; Cleveland 5 - Rocky Mountain 10
TOP OF THE 4TH
Cleveland Bobcats batting - Pitching for Rocky Mountain Oysters : RHP Andy Lawler
Batting: SHB Davey Carter 0-0: Ball
1-0: Ball
2-0: Ball
3-0: Base on Balls
Batting: RHB Jimmie Aletona 0-0: Foul Ball, location: 2F
0-1: Swinging Strike
0-2: Foul Ball, location: 2F
0-2: Ball
1-2: Strikes out swinging
Batting: RHB Mason Brooks 0-0: Ball
1-0: Called Strike
1-1: SINGLE (Line Drive, 7S, EV 104.4 MPH)
Davey Carter to second
Batting: SHB Pat Frazier 0-0: Ball
1-0: Ball
2-0: Swinging Strike
2-1: SINGLE (Groundball, 34D, EV 100.0 MPH)
Davey Carter to third
Mason Brooks to second
Runner from 3rd tries for Home, SAFE, throw by RF to home
Mason Brooks to third
Pat Frazier to second
Batting: SHB T.J. Bush 0-0: Ball
1-0: Called Strike
1-1: Foul Ball, location: 2F
1-2: Ball
2-2: Foul Ball, location: 2F
2-2: SINGLE (Groundball, 34D, EV 108.1 MPH)
Mason Brooks scores
Pat Frazier to third
Runner from 3rd tries for Home, throw by RF and OUT! 9-2
T.J. Bush to second
Batting: SHB Tylor Fukuda 0-0: Called Strike
0-1: Ball
1-1: Called Strike
1-2: Ground out 4-3 (Groundball, 4, EV 107.5 MPH)
Top of the 4th over - 2 runs, 3 hits, 0 errors, 1 left on base; Cleveland 7 - Rocky Mountain 10
BOTTOM OF THE 4TH
Rocky Mountain Oysters batting - Pitching for Cleveland Bobcats : RHP Idris Waaka
Batting: RHB Morrison Suttle 0-0: Ball
1-0: Foul Ball, location: 2F
1-1: Ball
2-1: Ball
3-1: Base on Balls
Pitching: LHP Seth Knott
Batting: LHB Sebastien Thompson 0-0: Ball
1-0: Ball
2-0: Called Strike
2-1: Ball
3-1: Base on Balls
Morrison Suttle to second
Batting: RHB Grady Williams 0-0: Fly out, F3 (Popup, 3DF, EV 63.1 MPH)
Batting: SHB Seth McNeill 0-0: Ball
1-0: Ball
2-0: Foul Ball, location: 2F
2-1: Foul Ball, location: 2F
2-2: Fly out, F1 (Popup, 13, EV 91.2 MPH)
Batting: RHB Raven Schimmenti 0-0: DOUBLE (Line Drive, 78D, EV 101.2 MPH)
Morrison Suttle scores
Sebastien Thompson to third
Runner from 3rd tries for Home, SAFE, throw by LF to home
Batting: RHB Landon Bolin 0-0: Called Strike
0-1: Swinging Strike
0-2: Strikes out looking
Bottom of the 4th over - 2 runs, 1 hit, 0 errors, 1 left on base; Cleveland 7 - Rocky Mountain 12
TOP OF THE 5TH
Cleveland Bobcats batting - Pitching for Rocky Mountain Oysters : RHP Andy Lawler
Batting: RHB Garrett Parker 0-0: Ball
1-0: Fly out, F7 (Flyball, 78S, EV 89.4 MPH)
Batting: RHB Hayden Harman 0-0: Ball
1-0: Ball
2-0: Swinging Strike
2-1: Ground out 1-3 (Groundball, 13S, EV 66.2 MPH)
Batting: RHB Spike Hershfield 0-0: Called Strike
0-1: Ball
1-1: Ground out U3 (Groundball, 34, EV 77.5 MPH)
Top of the 5th over - 0 runs, 0 hits, 0 errors, 0 left on base; Cleveland 7 - Rocky Mountain 12
BOTTOM OF THE 5TH
Rocky Mountain Oysters batting - Pitching for Cleveland Bobcats : LHP Seth Knott
Batting: RHB Phoenix Meade 0-0: Foul Ball, location: 2F
0-1: Foul Ball, location: 2F
0-2: Ball
1-2: Strikes out swinging
Batting: LHB Louis May 0-0: Foul Ball, location: 2F
0-1: Ball
1-1: Foul Ball, location: 2F
1-2: Foul Ball, location: 2F
1-2: Strikes out looking
Batting: LHB Abe Ryan 0-0: Ball
1-0: Ball
2-0: Ball
3-0: Base on Balls
Batting: RHB Morrison Suttle 0-0: Called Strike
0-1: Swinging Strike
0-2: Ball
1-2: Foul Ball, location: 2F
1-2: Foul Ball, location: 2F
1-2: Fly out, F8 (Flyball, 8LXD, EV 95.0 MPH)
Bottom of the 5th over - 0 runs, 0 hits, 0 errors, 1 left on base; Cleveland 7 - Rocky Mountain 12
TOP OF THE 6TH
Cleveland Bobcats batting - Pitching for Rocky Mountain Oysters : RHP Andy Lawler
Batting: SHB Davey Carter 0-0: Called Strike
0-1: Ball
1-1: Ball
2-1: Foul Ball, location: 2F
2-2: Ball
3-2: Strikes out swinging
Pitching: LHP Oscar LaJoie
Batting: RHB Jimmie Aletona 0-0: Called Strike
0-1: Ball
1-1: Ball
2-1: Foul Ball, location: 2F
2-2: Ball
3-2: Strikes out swinging
Batting: RHB Mason Brooks 0-0: Foul Ball, location: 2F
0-1: Fly out, F8 (Line Drive, 8RD, EV 96.9 MPH)
Top of the 6th over - 0 runs, 0 hits, 0 errors, 0 left on base; Cleveland 7 - Rocky Mountain 12
BOTTOM OF THE 6TH
Rocky Mountain Oysters batting - Pitching for Cleveland Bobcats : LHP Seth Knott
Batting: LHB Sebastien Thompson 0-0: Called Strike
0-1: Ball
1-1: SINGLE (Groundball, 4M, EV 104.4 MPH) (infield hit)
Batting: RHB Grady Williams 0-0: Swinging Strike
0-1: Ball
1-1: Fly out, F7 (Flyball, 78M, EV 82.5 MPH)
Pitching: LHP Brian Kincade
Batting: SHB Seth McNeill 0-0: Swinging Strike
0-1: Ball
1-1: Foul Ball, location: 2F
1-2: SINGLE (Line Drive, 56D, EV 99.4 MPH)
Sebastien Thompson to second
Batting: RHB Raven Schimmenti 0-0: Foul Ball, location: 2F
0-1: SINGLE (Groundball, 6MS, EV 61.9 MPH) (infield hit)
Sebastien Thompson to third
Seth McNeill to second
Batting: RHB Landon Bolin 0-0: Ball
1-0: Ball
2-0: Called Strike
2-1: Ball
3-1: Swinging Strike
3-2: Base on Balls
Sebastien Thompson scores
Seth McNeill to third
Raven Schimmenti to second
Batting: RHB Phoenix Meade 0-0: Foul Ball, location: 2F
0-1: Ball
1-1: Ball
2-1: Foul Ball, location: 2F
2-2: Foul Ball, location: 2F
2-2: Ball
3-2: Base on Balls
Seth McNeill scores
Raven Schimmenti to third
Landon Bolin to second
Batting: LHB Louis May 0-0: Ball
1-0: GRAND SLAM HOME RUN (Flyball, 9D, EV 97.5 MPH), Distance : 364 ft
Pitching: RHP Thierno Milne
Batting: LHB Abe Ryan 0-0: Ball
1-0: SINGLE (Groundball, 3D, EV 101.9 MPH)
Batting: RHB Morrison Suttle 0-0: Ball
1-0: Ball
Wild Pitch!
Abe Ryan to second
2-0: Ball
3-0: Called Strike
3-1: Foul Ball, location: 2F
3-2: Base on Balls
Batting: LHB Sebastien Thompson 0-0: Called Strike
0-1: Fly out, F9 (Flyball, 9S, EV 81.9 MPH)
Batting: RHB Grady Williams 0-0: Ball
1-0: Swinging Strike
1-1: Ball
2-1: Ball
3-1: Foul Ball, location: 2F
3-2: Base on Balls
Abe Ryan to third
Morrison Suttle to second
Batting: SHB Seth McNeill 0-0: Ball
1-0: Ground out 4-3 (Groundball, 4, EV 96.9 MPH)
Bottom of the 6th over - 6 runs, 5 hits, 0 errors, 3 left on base; Cleveland 7 - Rocky Mountain 18
TOP OF THE 7TH
Cleveland Bobcats batting - Pitching for Rocky Mountain Oysters : LHP Oscar LaJoie
Batting: SHB Pat Frazier 0-0: Ball
1-0: Called Strike
1-1: Swinging Strike
1-2: Ball
2-2: Ball
3-2: Strikes out looking
Batting: SHB T.J. Bush 0-0: Ball
1-0: Ball
2-0: Foul Ball, location: 2F
2-1: Ball
3-1: Foul Ball, location: 2F
3-2: Foul Ball, location: 2F
3-2: Strikes out swinging
Batting: SHB Tylor Fukuda 0-0: Called Strike
0-1: Swinging Strike
0-2: Foul Ball, location: 2F
0-2: Ball
1-2: Ball
2-2: Ball
3-2: Foul Ball, location: 2F
3-2: Strikes out swinging
Top of the 7th over - 0 runs, 0 hits, 0 errors, 0 left on base; Cleveland 7 - Rocky Mountain 18
BOTTOM OF THE 7TH
Rocky Mountain Oysters batting - Pitching for Cleveland Bobcats : RHP Thierno Milne
Batting: RHB Raven Schimmenti 0-0: Ball
1-0: Called Strike
1-1: Fly out, F6 (Popup, 6M, EV 57.5 MPH)
Pinch Hitting: LHB Brad Melillo 0-0: Ball
1-0: Ball
2-0: Foul Ball, location: 2F
2-1: Fly out, F8 (Flyball, 8LD, EV 95.6 MPH)
Batting: RHB Phoenix Meade 0-0: Ball
1-0: Ball
2-0: Ball
3-0: Called Strike
3-1: Base on Balls
Pinch Hitting: RHB Brenner Quezado 0-0: Ground out 3-1 (Groundball, 34S, EV 81.2 MPH)
Bottom of the 7th over - 0 runs, 0 hits, 0 errors, 1 left on base; Cleveland 7 - Rocky Mountain 18
TOP OF THE 8TH
Cleveland Bobcats batting - Pitching for Rocky Mountain Oysters : LHP Oscar LaJoie
Now at 1B: Jaylen Stewart
Now in RF: Brenner Quezado
Batting: RHB Garrett Parker 0-0: Ball
1-0: Fly out, F8 (Flyball, 8RD, EV 99.4 MPH)
Batting: RHB Hayden Harman 0-0: Ball
1-0: Called Strike
1-1: Foul Ball, location: 2F
1-2: Strikes out swinging
Batting: RHB Spike Hershfield 0-0: Foul Ball, location: 2F
0-1: Swinging Strike
0-2: Foul Ball, location: 2F
0-2: Ball
1-2: Strikes out swinging
Top of the 8th over - 0 runs, 0 hits, 0 errors, 0 left on base; Cleveland 7 - Rocky Mountain 18
BOTTOM OF THE 8TH
Rocky Mountain Oysters batting - Pitching for Cleveland Bobcats : RHP Thierno Milne
Batting: LHB Abe Ryan 0-0: Swinging Strike
0-1: Ball
1-1: Ball
2-1: Called Strike
2-2: Fly out, F8 (Flyball, 8LD, EV 98.8 MPH)
Pinch Hitting: LHB Jesse Edwards 0-0: Ball
1-0: Called Strike
1-1: Foul Ball, location: 2F
1-2: Ball
2-2: Ground out 5-3 (Groundball, 5L, EV 81.9 MPH)
Pinch Hitting: LHB Martin Nelson 0-0: Called Strike
0-1: Swinging Strike
0-2: DOUBLE (Line Drive, 78D, EV 106.2 MPH)
Batting: RHB Grady Williams 0-0: Called Strike
0-1: Ball
1-1: Ball
2-1: Called Strike
2-2: Ball
3-2: Base on Balls
Pitching: LHP Chase Prosperie
Batting: SHB Seth McNeill 0-0: Ball
1-0: Ball
2-0: Swinging Strike
2-1: Called Strike
2-2: Ball
3-2: Ground out 5-3 (Groundball, 5S, EV 83.8 MPH)
Bottom of the 8th over - 0 runs, 1 hit, 0 errors, 2 left on base; Cleveland 7 - Rocky Mountain 18
TOP OF THE 9TH
Cleveland Bobcats batting - Pitching for Rocky Mountain Oysters : LHP Oscar LaJoie
Now in LF: Jesse Edwards
Now in CF: Jim Needham
Batting: SHB Davey Carter 0-0: Called Strike
0-1: Ball
1-1: Called Strike
1-2: Foul Ball, location: 2F
1-2: Ball
2-2: Strikes out swinging
Pitching: RHP Dawson Carriero
Pinch Hitting: LHB Winston Dance 0-0: Ball
1-0: Called Strike
1-1: Ball
2-1: Ball
3-1: Swinging Strike
3-2: Base on Balls
Batting: RHB Mason Brooks 0-0: Called Strike
0-1: Ball
1-1: Swinging Strike
1-2: Foul Ball, location: 2F
1-2: Strikes out swinging
Batting: SHB Pat Frazier 0-0: Foul Ball, location: 2F
0-1: Ball
1-1: Ball
2-1: Ball
3-1: Foul Ball, location: 2F
3-2: Base on Balls
Winston Dance to second
Batting: SHB T.J. Bush 0-0: Called Strike
0-1: SINGLE (Groundball, 6D, EV 94.4 MPH)
Winston Dance to third
Pat Frazier to second
Batting: SHB Tylor Fukuda 0-0: Ball
1-0: Ball
2-0: Ball
3-0: Base on Balls
Winston Dance scores
Pat Frazier to third
T.J. Bush to second
Pinch Hitting: SHB Rhett Carlo 0-0: Called Strike
0-1: Ball
1-1: Fly out, F8 (Flyball, 8RM, EV 90.6 MPH)
Top of the 9th over - 1 run, 1 hit, 0 errors, 3 left on base; Cleveland 8 - Rocky Mountain 18
Monday, April 29th , 2024 - OOTP Baseball 23.10 Build 110